 Dungeon Crawl Stone Soup version 0.29-a0-1023-g6ae1a4a2c7 (webtiles) character file.

Game seed: 18285457372457333572

4337 snetch the Thaumaturge (level 10, -12/67 HPs)
             Began as a Djinni Fire Elementalist on Aug 11, 2022.
             Was an Elder of Elyvilon.
             Mangled by a vault guard
             ... wielding a +0 broad axe
              (17 damage)
             ... in a bailey.
             The game lasted 00:32:03 (9925 turns).

snetch the Thaumaturge (Djinni Fire Elementalist)   Turns: 9925, Time: 00:32:04

Health: -12/67     AC: 11    Str:  7    XL:     10   Next: 59%
Gold:   316        EV:  8    Int: 27    God:    Elyvilon [****..] SH:  0 Dex: 14

rFire   + + .      SeeInvis .   a - +2 dagger (venom)
rCold   . . .      Faith    +   (no shield)
rNeg    + . .      Spirit   .   D - +2 scale mail {rN+}
rPois   ∞          Reflect  .   (no helmet)
rElec   .          Harm     .   p - scarf {+Inv}
rCorr   .          Rampage  .   r - +1 pair of gloves
Will    +....                   (boots unavailable)
Stlth   +.........              f - amulet of faith
HPRegen 0.21/turn               v - ring of protection from cold
MPRegen 0.00/turn               P - +6 ring of intelligence

@: flying
A: sickness immunity, fire resistance 2, cold vulnerability 1, float, innate
caster, HP casting, extra vitality 1
a: Renounce Religion, Evoke Invisibility, Purification, Heal Other, Heal Self


You were in a bailey.
You worshipped Elyvilon.
Elyvilon was greatly pleased with you.
You visited 2 branches of the dungeon, and saw 9 of its levels.
You also visited: Ossuary and Bailey.

You collected 517 gold pieces.
You spent 201 gold pieces at shops.

Inventory:

Hand Weapons
 a - a +2 dagger of venom (weapon)
 c - a +3 vorpal hand axe
 e - a +0 broad axe
 J - a +0 long sword
 Q - a +2 short sword of speed
 U - a +2 dagger of freezing
Missiles
 j - 65 stones
 m - 3 throwing nets
 s - 9 poisoned darts
 F - 3 javelins
 V - 7 boomerangs
Armour
 p - a scarf of invisibility (worn)
 r - a +1 pair of gloves (worn)
 D - a +2 scale mail of positive energy (worn)
Magical Staves
 G - a staff of cold
Jewellery
 d - a ring of fire
 f - an amulet of faith (around neck)
 v - a ring of protection from cold (left hand)
 P - a +6 ring of intelligence (right hand)
Wands
 A - a wand of digging (5)
 C - a wand of polymorph (14)
 L - a wand of mindburst (13)
 O - a wand of quicksilver (8)
Scrolls
 h - a scroll of summoning {unknown}
 i - 2 scrolls of blinking
 k - a scroll of torment {unknown}
 n - 2 scrolls of vulnerability {unknown}
 t - 3 scrolls of immolation
 u - 2 scrolls of fear {unknown}
 w - a scroll of magic mapping {unknown}
 x - a scroll of silence
 y - 2 scrolls of poison {unknown}
 E - 2 scrolls of butterflies {unknown}
 H - 2 scrolls of teleportation
 S - a scroll of acquirement {unknown}
Potions
 b - 5 potions of lignification {unknown}
 g - a potion of brilliance
 l - 3 potions of heal wounds {unknown}
 o - 2 potions of ambrosia
 q - 5 potions of haste {unknown}
 z - 2 potions of mutation
 B - 3 potions of might
 I - 2 potions of berserk rage {unknown}
 M - 2 potions of attraction {unknown}
 N - a potion of cancellation {unknown}


   Skills:
 + Level 3.9 Fighting
 + Level 5.1 Armour
 + Level 3.3 Dodging
 + Level 3.6 Stealth
 + Level 9.8 Spellcasting
 + Level 1.0 Invocations


You had 6 spell levels left.
You knew the following spells:

 Your Spells              Type           Power      Damage    Failure   Level
a - Foxfire               Conj/Fire      100%       2x1d9     1%          1
b - Scorch                Fire           100%       2d10      1%          2
c - Conjure Flame         Conj/Fire      61%        6-21      2%          3
d - Inner Flame           Hex/Fire       61%        N/A       2%          3
e - Flame Wave            Conj/Fire      61%        2d14      8%          4
f - Freeze                Ice            100%       1d11      1%          1
g - Static Discharge      Conj/Air       61%        3-11/arc  1%          2
h - Tukima's Dance        Hex            61%        N/A       2%          3
i - Stone Arrow           Conj/Erth      100%       3d13      2%          3
Your spell library was empty.

Dungeon Overview and Level Annotations

Branches:
Dungeon (8/15)             Temple (1/1) D:4         Ossuary (visited)
 Bailey (1/1)
   Lair: D:8-11

Altars:
Cheibriados
Elyvilon
Fedhas
Gozag
Nemelex Xobeh
Okawaru
Ru
Trog
Uskayaw
Yredelemnul
Zin
The Shining One

Shops:
D:3 ?   D:5 (


Innate Abilities, Weirdness & Mutations

You are immune to sickness and miasma.
You are immune to poison.
Your flesh is very heat resistant. (rF++)
You are vulnerable to cold. (rC-)
You float through the air rather than walking.
You learn spells naturally, not from books.
Your magical power is your life essence.
You have superior vitality. (+4 MHP)


Message History

Flames lash the vault guard.
The vault guard is burned terribly!
The vault guard is severely wounded.
The vault guard hits you with a +0 broad axe!
Casting: Scorch (safe; 1% risk of failure)
Confirm with . or Enter, or press ? or * to list all spells.
Flames lash the vault guard.
The vault guard is burned terribly!
The vault guard is almost dead.
The vault guard hits you with a +0 broad axe!
* * * LOW HITPOINT WARNING * * *
Casting: Scorch (safe; 1% risk of failure)
Confirm with . or Enter, or press ? or * to list all spells.
Flames lash the vault guard but do no damage.
* * * LOW HITPOINT WARNING * * *
The vault guard hits you but does no damage.
Unknown command.
Casting: Scorch (safe; 1% risk of failure)
Confirm with . or Enter, or press ? or * to list all spells.
Flames lash the vault guard.
The vault guard is burned terribly!
The vault guard is almost dead.
* * * LOW HITPOINT WARNING * * *
The vault guard barely misses you.
Unknown command.
Casting: Scorch (safe; 1% risk of failure)
Confirm with . or Enter, or press ? or * to list all spells.
Flames lash the vault guard but do no damage.
* * * LOW HITPOINT WARNING * * *
The vault guard closely misses you.
Unknown command.
Casting: Scorch (safe; 1% risk of failure)
Confirm with . or Enter, or press ? or * to list all spells.
Flames lash the vault guard but do no damage.
* * * LOW HITPOINT WARNING * * *
The vault guard hits you with a +0 broad axe!
Elyvilon protects you from harm!
Casting: Scorch (safe; 1% risk of failure)
Confirm with . or Enter, or press ? or * to list all spells.
Flames lash the vault guard but do no damage.
* * * LOW HITPOINT WARNING * * *
The vault guard hits you with a +0 broad axe!
You die...

#.....# #.....
#..∩.. ###....
### ##≈##...##~##
##≈~~##'##~~~##
#≈~~.~.....~~~#
##≈~~...p......##
#≈~~~...@..~≈≈≈.#
#≈~~~.~...~≈###'#
#≈~~~....~≈##~..#
#≈~~~.~..~≈#~..~#
#≈~~~...~≈##..~##
#≈~~~..~≈#...~#
#≈~≈≈~.~≈#..~##
##≈##≈.~≈#####
####≈..~≈#


You could see a vault guard (combustible).

Vanquished Creatures
  A vault guard (Bailey)
  Grinder (D:5)
  Prince Ribbit (Bailey)
  5 humans (Bailey)
  A water moccasin (D:3)
  2 orc warriors
  2 black bears (D:5)
  A phantom (D:7)
  A gnoll sergeant (D:5)
  A necrophage (D:5)
  7 bullfrogs
  2 scorpions
  5 wights (D:8)
  4 killer bees (D:8)
  A centaur zombie (Ossuary)
  2 hounds
  A human zombie (Ossuary)
  5 orc priests
  A jelly (D:4)
  Jessica (D:3)
  Ijyb (D:3)
  4 iguanas
  5 orc wizards
  5 mummies (Ossuary)
  10 gnolls (D:5)
  8 adders
  3 river rats (D:5)
  2 white imps
  An ufetubus (D:4)
  2 dart slugs
  27 orcs
  8 endoplasms
  2 giant cockroaches
  11 goblins
  9 hobgoblins
  12 jackals
  3 quokkas
  11 ball pythons
  3 bats
  3 frilled lizards (D:1)
  A goblin zombie (Ossuary)
  2 hobgoblin zombies (Ossuary)
  11 kobolds
  2 kobold zombies (Ossuary)
  An orc zombie (Ossuary)
  9 rats
201 creatures vanquished.

Vanquished Creatures (collateral kills)
  An orc (D:8)
  A foxfire (D:5)
2 creatures vanquished.

Vanquished Creatures (others)
  400 foxfires
  37 plants (D:5)
437 creatures vanquished.

Grand Total: 640 creatures vanquished

Notes
Turn   | Place    | Note
-------+----------+-------------------------------------------
     0 | D:1      | snetch the Djinni Fire Elementalist began the quest for the
                  | Orb.
     0 | D:1      | snetch set off with the following spells memorised:
                  | Foxfire, Scorch, Conjure Flame, Inner Flame, Flame Wave.
     0 | D:1      | Reached XP level 1. HP: 15/15 MP: 0/0
   288 | D:1      | Reached XP level 2. HP: 15/21 MP: 0/0
   837 | D:1      | Reached skill level 3 in Spellcasting
   882 | D:1      | Reached XP level 3. HP: 24/25 MP: 0/0
   882 | D:1      | Learned a level 1 spell: Freeze
  1413 | D:2      | Reached XP level 4. HP: 16/31 MP: 0/0
  2487 | D:3      | Reached XP level 5. HP: 16/36 MP: 0/0
  2487 | D:3      | Learned a level 2 spell: Static Discharge
  2749 | D:3      | Found a faded altar of an unknown god.
  2763 | D:3      | Prayed at the altar of an unknown god.
  2763 | D:3      | Became a worshipper of Elyvilon the Healer
  2763 | D:3      | Reached * piety under Elyvilon
  2901 | D:3      | Noticed a water moccasin
  2908 | D:3      | Killed a water moccasin
  2909 | D:3      | Reached skill level 1 in Fighting
  2909 | D:3      | Reached skill level 4 in Spellcasting
  2909 | D:3      | Reached XP level 6. HP: 34/42 MP: 0/0
  2920 | D:3      | Noticed Ijyb
  2945 | D:3      | Reached skill level 1 in Armour
  2978 | D:3      | You are sucked into a shaft and drop 3 floors!
  2982 | D:5      | Entered Level 5 of the Dungeon
  3005 | D:5      | Found a sparkling altar of Nemelex Xobeh.
  3012 | D:5      | Found a sand-covered staircase.
  3031 | Ossuary  | Entered an ossuary
  3496 | Ossuary  | Reached ** piety under Elyvilon
  3567 | Ossuary  | Reached XP level 7. HP: 43/49 MP: 0/0
  3567 | Ossuary  | Learned a level 3 spell: Tukima's Dance
  3649 | D:5      | Reached skill level 5 in Spellcasting
  3684 | D:5      | Noticed Grinder
  3691 | D:5      | Killed Grinder
  3692 | D:5      | Reached XP level 8. HP: 26/56 MP: 0/0
  3763 | D:3      | Killed Ijyb
  4093 | D:3      | Noticed Jessica
  4097 | D:3      | Killed Jessica
  4461 | D:3      | Found Soliwkut's Magic Scroll Shoppe.
  4466 | D:3      | Reached skill level 6 in Spellcasting
  4470 | D:3      | Bought a scroll of blinking for 97 gold pieces
  4470 | D:3      | Bought a scroll of teleportation for 39 gold pieces
  4470 | D:3      | Bought a scroll of identify for 26 gold pieces
  4470 | D:3      | Bought a scroll of teleportation for 39 gold pieces
  4854 | D:3      | Reached *** piety under Elyvilon
  5044 | D:4      | Found a staircase to the Ecumenical Temple.
  5064 | Temple   | Entered the Ecumenical Temple
  5064 | Temple   | Found a transporter.
  5064 | Temple   | Found a transporter.
  5066 | Temple   | Found a transporter.
  5066 | Temple   | Found a transporter.
  6223 | D:5      | Elyvilon protects you from harm!
  6223 | D:5      | Elyvilon protects you from harm!
  6728 | D:5      | Reached **** piety under Elyvilon
  6844 | D:5      | Found Moyxaw's Antique Weapon Emporium.
  6965 | D:5      | Reached XP level 9. HP: 33/61 MP: 0/0
  6965 | D:5      | Learned a level 3 spell: Stone Arrow
  7178 | D:6      | Reached skill level 7 in Spellcasting
  8409 | D:6      | Found a glowing golden altar of the Shining One.
  8409 | D:6      | Found a glowing silver altar of Zin.
  8409 | D:6      | Found a white marble altar of Elyvilon.
  8885 | D:8      | Reached skill level 8 in Spellcasting
  8904 | D:8      | Found a flagged portal.
  8957 | Bailey   | Entered a bailey
  9157 | Bailey   | Reached XP level 10. HP: 19/67 MP: 0/0
  9432 | Bailey   | Reached skill level 9 in Spellcasting
  9558 | Bailey   | Noticed Prince Ribbit
  9563 | Bailey   | Killed Prince Ribbit
  9577 | Bailey   | Noticed a vault guard
  9595 | Bailey   | Killed a vault guard
  9596 | Bailey   | Reached skill level 5 in Armour
  9596 | Bailey   | Reached skill level 1 in Invocations
  9907 | Bailey   | Noticed a vault guard
  9924 | Bailey   | Elyvilon protects you from harm!
  9925 | Bailey   | Mangled by a vault guard

Illustrated notes

Levels and vault maps discovered:
D:1:      amcnicky_arrival_abandoned_market, layout_basic, minmay_tetromino_t4
D:2:      layout_rooms, minmay_misc_feat_pillars, kennysheep_generic_room_2
D:3:      layout_basic, serial_shops, shop_statue,
          hellmonk_ecumenical_altar_prayer_group, skrybe_limestone_x,
          serial_park_tiny_pond, chequers_jeans, uniq_ijyb, uniq_jessica
D:4:      layout_loops_ring, minmay_temple_entry_grid,
          hangedman_abyss_or_decor_lesser_grid, minmay_box_of_dots
D:5:      wad_woods_settlement, layout_basic, mainiacjoe_overflow_brackets,
          serial_shops, nicolae_lakefront_shop, enter_ossuary_1,
          columned_hall_lemuel, uniq_grinder
D:6:      layout_cave_pools, good_gods_mini_temple,
          hangedman_abyss_or_decor_stagger
D:7:      layout_basic, serial_glass, glass_columns_a, glass_columns_b,
          glass_columns_a, glass_columns_b, glass_columns_b, glass_columns_c,
          glass_columns_b, glass_columns_a, uniq_pikel
D:8:      layout_basic, grunt_temple_overflow_open, enter_bailey_5,
          grunt_ministairs_6
Temple:   hellmonk_temple_divided_pantheon
Bailey:   bailey_axe_froggy_fort_hellmonk, bailey

Skill      XL: |  1  2  3  4  5  6  7  8  9 10 |
---------------+-------------------------------+-----
Spellcasting   | 3 4 5 6 8 9 |  9.8
Stealth        | 2 3 |  3.6
Fighting       | 1 2 3 |  3.9
Armour         | 1 2 4 5 |  5.1
Dodging        | 3 |  3.3
Invocations    | 1 |  1.0

Action                   |  1- 3 |  4- 6 |  7- 9 | 10-12 || total
-------------------------+-------+-------+-------+-------++-------
Melee: Dagger            |       |     5 |    22 |     2 ||    29
       Unarmed           |       |     1 |       |       ||     1
 Cast: Foxfire           |    38 |    64 |   112 |    23 ||   237
       Scorch            |     5 |    30 |    87 |    29 ||   151
       Freeze            |     5 |     4 |     2 |       ||    11
       Flame Wave        |       |       |     4 |     1 ||     5
       Tukima's Dance    |       |       |     2 |       ||     2
       Stone Arrow       |       |       |    12 |     6 ||    18
       Static Discharge  |       |       |     1 |       ||     1
Invok: Purification      |       |       |     1 |       ||     1
       Heal Self         |       |       |     1 |     3 ||     4
  Use: Scroll            |       |       |     9 |       ||     9
 Stab: Sleeping          |       |     1 |     3 |       ||     4
Armor: Robe              |     1 |       |       |       ||     1
       Leather armour    |     1 |    15 |    16 |       ||    32
       Scale mail        |       |       |     6 |     4 ||    10
Dodge: Dodged            |     4 |    29 |    29 |     3 ||    65

Table legend: (Time is in decaauts)
 A = Elapsed time spent in this place.
 B = Non-inter-level travel time spent in this place.
 C = Inter-level travel time spent in this place.
 D = Time resting spent in this place.
 E = Time spent auto-exploring this place.
 F = Levels seen in this place.
 G = Mean time per level.
                   A        B        C        D        E       F      G
               +--------+--------+--------+--------+--------+-----+--------+
         Total |   9918 |   9496 |    422 |    852 |   6393 |  11 |  901.6 |
       Dungeon |   8272 |   7886 |    386 |    852 |   5089 |   8 | 1034.0 |
        Temple |     75 |     39 |     36 |      0 |      0 |   1 |   75.0 |
       Ossuary |    602 |    602 |      0 |      0 |    435 |   1 |  602.0 |
        Bailey |    967 |    967 |      0 |      0 |    869 |   1 |  967.0 |
               +--------+--------+--------+--------+--------+-----+--------+

Top non-repeatable levels by time:
     D:1: 1687 daAuts
     D:3: 1653 daAuts
     D:4: 1511 daAuts
     D:5: 1466 daAuts
  Bailey: 967 daAuts
     D:2: 848 daAuts
     D:6: 688 daAuts
 Ossuary: 602 daAuts
     D:8: 241 daAuts
     D:7: 175 daAuts
  Temple: 75 daAuts
